 Dungeon Crawl Stone Soup version 0.30-a0-613-gdd512c7efb (webtiles) character file.

Game seed: 7290590067067779272

631977 wormed the Acrobat (level 27, -63/201 (205) HPs)
             Began as an Octopode Transmuter on Jan 8, 2023.
             Was an Initiate of Gozag.
             Killed from afar by a yellow draconian annihilator (89 damage)
             ... with a crystal spear
             ... on level 2 of the Realm of Zot.
             The game lasted 01:22:46 (61311 turns).

wormed the Acrobat (Octopode Transmuter)           Turns: 61311, Time: 01:22:46

HP:   -63/201 (205) AC: 21    Str: 11    XL:     27
MP:   1/37          EV: 46    Int: 59    God:    Gozag
Gold: 9908          SH:  0    Dex: 24    Spells: 11/46 levels left

rFire   + + +      SeeInvis +      - Unarmed
rCold   + + +      Faith    .    (shield currently unavailable)
rNeg    . . .      Spirit   .    (helmet currently unavailable)
rPois   ∞          Reflect  .    i - amulet of regeneration
rElec   +          Harm     .    W - ring "Xonotybb" {rF+ Str+3 Stlth+}
rCorr   +          Rampage  .    X - ring "Forget-Me-Not" {rC+ Int+2 Dex+6 Slay+3 Stlth-}
Will    ++++.                    T - ring of Bamo {Will+ rCorr Dex+4}
Stlth   ++                       Y - ring of Gikkurch {rElec rPois rF+ Str-4 Int+6}
HPRegen 1.33/turn                S - ring "Xottyz" {Int+6 Dex+4 Slay+2}
MPRegen 0.25/turn                o - ring of Fissemn {Will+ rCorr Int+5 SInv}
                                 D - ring of Ehukk {*Corrode rC++ Str+3 Int+6 SInv}
                                 V - ring "Quhiud" {rF+ rC+ Int+6}

@: mighty, storm-form, resistant, corroded, gold aura, flying, hasted and
slowed, studying 2 skills, lightly drained, unable to read, unable to drink
A: cleaving, insubstantial, flying, almost no armour, amphibious, 8 rings,
(camouflage 1), (gelatinous body 1), (nimble swimmer 1), (tentacles), clumsy 1,
weak 1, inability to drink after injury 2, inability to read after injury 1
}: 5/15 runes: serpentine, barnacled, slimy, silver, abyssal
a: Blinkbolt, End Transformation, Renounce Religion, Potion Petition, Call
Merchant, Bribe Branch


You were on level 2 of the Realm of Zot.
You worshipped Gozag.
Gozag was greatly pleased with you.
You were a lightning-filled tempest!
You visited 11 branches of the dungeon, and saw 50 of its levels.
You visited the Abyss 2 times.

You collected 27993 gold pieces.
You spent 3945 gold pieces at shops.
You paid 14140 gold pieces to Gozag.

Inventory:

Missiles
 s - 6 throwing nets
Armour
 O - a +2 hat of intelligence (melded)
Magical Staves
 Q - a staff of air (melded)
Jewellery
 i - an amulet of regeneration (around neck)
 o - the ring of Fissemn (on tentacle) {Will+ rCorr Int+5 SInv}
   (You bought it in a shop on level 2 of the Orcish Mines)

   [ring of see invisible]

   Int:       It affects your intelligence (+5).
   SInv:      It lets you see invisible.
   rCorr:     It protects you from acid and corrosion.
   Will:      It increases your willpower.
 D - the ring of Ehukk (on tentacle) {*Corrode rC++ Str+3 Int+6 SInv}
   (You found it on level 1 of the Orcish Mines)

   [ring of intelligence]

   Str:       It affects your strength (+3).
   Int:       It affects your intelligence (+6).
   rC:        It greatly protects you from cold.
   SInv:      It lets you see invisible.
   *Corrode:  It may corrode you when you take damage.
 S - the ring "Xottyz" (on tentacle) {Int+6 Dex+4 Slay+2}
   (You bought it in a shop on level 2 of the Shoals)

   [ring of intelligence]

   Int:       It affects your intelligence (+6).
   Dex:       It affects your dexterity (+4).
   Slay:      It affects your accuracy & damage with ranged weapons and melee
   (+2).
 T - the ring of Bamo (on tentacle) {Will+ rCorr Dex+4}
   (You found it on level 1 of the Elven Halls)

   [ring of willpower]

   Dex:       It affects your dexterity (+4).
   rCorr:     It protects you from acid and corrosion.
   Will:      It increases your willpower.
 V - the ring "Quhiud" (on tentacle) {rF+ rC+ Int+6}
   (You bought it in a shop on level 2 of the Shoals)

   [ring of intelligence]

   Int:       It affects your intelligence (+6).
   rF:        It protects you from fire.
   rC:        It protects you from cold.
 W - the ring "Xonotybb" (left tentacle) {rF+ Str+3 Stlth+}
   (You took it off a deep elf archer on level 3 of the Elven Halls)

   [ring of protection from fire]

   Str:       It affects your strength (+3).
   rF:        It protects you from fire.
   Stlth:     It makes you more stealthy.
 X - the ring "Forget-Me-Not" (right tentacle) {rC+ Int+2 Dex+6 Slay+3 Stlth-}
   (You took it off a deep elf death mage on level 3 of the Elven Halls)

   [ring of protection from cold]

   Int:       It affects your intelligence (+2).
   Dex:       It affects your dexterity (+6).
   Slay:      It affects your accuracy & damage with ranged weapons and melee
   (+3).
   rC:        It protects you from cold.
   Stlth:     It makes you less stealthy.
 Y - the ring of Gikkurch (on tentacle) {rElec rPois rF+ Str-4 Int+6}
   (You took it off a deep elf archer on level 3 of the Elven Halls)

   [ring of poison resistance]

   Str:       It affects your strength (-4).
   Int:       It affects your intelligence (+6).
   rF:        It protects you from fire.
   rElec:     It insulates you from electricity.
   rPois:     It protects you from poison.
Wands
 g - a wand of digging (9)
 j - a wand of polymorph (44) (quivered)
 w - a wand of flame (60)
 x - a wand of iceblast (45)
 A - a wand of paralysis (54)
 K - a wand of acid (12)
 M - a wand of mindburst (24)
Scrolls
 h - 14 scrolls of magic mapping
 l - 14 scrolls of poison
 m - 15 scrolls of enchant armour
 t - 2 scrolls of brand weapon
 v - a scroll of summoning
 y - 10 scrolls of fog
 z - 6 scrolls of teleportation
 B - 8 scrolls of fear
 C - 4 scrolls of silence
 H - 8 scrolls of enchant weapon
 L - 5 scrolls of amnesia
 N - 5 scrolls of torment
 Z - 3 scrolls of blinking
Potions
 a - 8 potions of lignification
 b - 4 potions of magic
 c - 19 potions of curing
 e - 6 potions of haste
 f - 11 potions of attraction
 k - 7 potions of invisibility
 n - 4 potions of resistance
 p - 5 potions of might
 q - 4 potions of ambrosia
 r - 15 potions of flight
 E - 8 potions of brilliance
 J - 8 potions of mutation
 P - 4 potions of heal wounds
 R - 6 potions of cancellation
 U - 3 potions of berserk rage


   Skills:
 - Level 21.0 Fighting
 - Level 21.0 Dodging
 - Level 21.0 Unarmed Combat
 - Level 10.0 Spellcasting
 + Level 20.7 Necromancy
 - Level 19.0 Transmutations
 - Level 4.0 Ice Magic
 - Level 19.0 Air Magic


You had 11 spell levels left.
You knew the following spells:

 Your Spells              Type           Power      Damage    Failure   Level
a - Storm Form            Tmut/Air       65%        N/A       1%          7
b - Wereblood             Tmut           100%       N/A       0%          2
c - Death Channel         Necr           67%        N/A       0%          6
d - Vhi's Electric Charg  Tloc/Air       100%       N/A       1%          3
e - Infestation           Necr           67%        N/A       1%          8
x - Death's Door          Necr           67%        N/A       10%         9

Your spell library contained the following spells:

 Spells                   Type           Power      Damage    Failure   Level
 Beastly Appendage        Tmut           100%       N/A       0%          1
 Kiss of Death            Conj/Necr      100%       2d13      0%          1
 Necrotise                Necr           100%       1d9       0%          1
 Shock                    Conj/Air       100%       1d9       0%          1
 Sting                    Tmut/Pois      100%       1d8       0%          1
 Cigotuvi's Dreadful Rot  Necr/Pois/Air  100%       N/A       0%          2
 Poisonous Vapours        Pois/Air       100%       N/A       0%          2
 Sublimation of Blood     Necr           100%       N/A       0%          2
 Swiftness                Air            100%       N/A       0%          3
 Airstrike                Air            65%        2d(10-26) 0%          4
 Dispel Undead            Necr           100%       3d31      0%          4
 Blade Hands              Tmut           65%        N/A       0%          5
 Apportation              Tloc           58%        N/A       1%          1
 Magic Dart               Conj           100%       1d8       1%          1
 Summon Small Mammal      Summ           100%       N/A       1%          1
 Blink                    Tloc           58%        N/A       1%          2
 Call Imp                 Summ           29%        N/A       1%          2
 Call Canine Familiar     Summ           29%        N/A       1%          3
 Frozen Ramparts          Ice            100%       1d16      1%          3
 Gell's Gravitas          Tloc           29%        N/A       1%          3
 Hailstorm                Conj/Ice       52%        3d12      1%          3
 Inner Flame              Hex/Fire       29%        N/A       1%          3
 Lesser Beckoning         Tloc           58%        N/A       1%          3
 Mephitic Cloud           Conj/Pois/Air  81%        N/A       1%          3
 Portal Projectile        Hex/Tloc       58%        N/A       1%          3
 Spider Form              Tmut/Pois      96%        N/A       1%          3
 Summon Guardian Golem    Hex/Summ       29%        N/A       1%          3
 Teleport Other           Tloc           29%        N/A       1%          3
 Tukima's Dance           Hex            29%        N/A       1%          3
 Anguish                  Hex/Necr       50%        N/A       1%          4
 Ice Form                 Ice/Tmut       100%       N/A       1%          4
 Petrify                  Tmut/Erth      96%        N/A       1%          4
 Arcjolt                  Conj/Air       48%        1d58      1%          5
 Irradiate                Conj/Tmut      48%        3d27      1%          5
 Silence                  Hex/Air        48%        N/A       1%          5
 Yara's Violent Unravell  Hex/Tmut       48%        3d19      1%          5
 Statue Form              Tmut/Erth      64%        N/A       1%          6
 Borgnjor's Revivificati  Necr           67%        N/A       1%          8
 Maxwell's Capacitive Co  Air            65%        ∞         1%          8
 Necromutation            Tmut/Necr      66%        N/A       1%          8
 Flame Wave               Conj/Fire      29%        2d9       4%          4
 Leda's Liquefaction      Hex/Erth       14%        N/A       4%          4
 Manifold Assault         Tloc           29%        N/A       4%          4
 Olgreb's Toxic Radiance  Pois           29%        N/A       4%          4
 Passage of Golubria      Tloc           29%        N/A       4%          4
 Sticky Flame             Conj/Fire      29%        2d5       4%          4
 Metabolic Englaciation   Hex/Ice        26%        N/A       6%          5
 Fireball                 Conj/Fire      14%        3d8       13%         5
 Iskenderun's Battlesphe  Conj           29%        2d8       13%         5
 Summon Forest            Summ/Tloc      14%        N/A       13%         5
 Summon Mana Viper        Hex/Summ       29%        N/A       13%         5
 Dispersal                Tloc           14%        N/A       58%         6
 Iron Shot                Conj/Erth      14%        9d4       58%         6
 Starburst                Conj/Fire      14%        6d6       58%         6
 Summon Cactus Giant      Summ           14%        N/A       58%         6
 Enfeeble                 Hex            14%        N/A       99%         7
 Monstrous Menagerie      Summ           14%        N/A       99%         7
 Spellforged Servitor     Conj/Summ      14%        N/A       99%         7
 Summon Hydra             Summ           14%        N/A       99%         7
 Lehudib's Crystal Spear  Conj/Erth      14%        10d5      100%        8
 Dragon's Call            Summ           14%        N/A       100%        9
 Fire Storm               Conj/Fire      14%        8d4       100%        9
 Polar Vortex             Ice            33%        N/A       100%        9
 Simulacrum               Ice/Necr       Unusable   N/A       N/A         6
 Animate Armour           Summ/Erth      Unusable   N/A       N/A         4

Dungeon Overview and Level Annotations

Branches:
Dungeon (15/15)            Temple (1/1) D:4            Lair (5/5) D:8
 Shoals (4/4) Lair:2        Snake (4/4) Lair:3        Slime (5/5) Lair:4
    Orc (2/2) D:10            Elf (3/3) Orc:2        Vaults (5/5) D:13
  Crypt (0/3) Vaults:3     Depths (4/4) D:15            Zot (2/5) Depths:4

Altars:
Ashenzari
Cheibriados
Dithmenos
Elyvilon
Gozag
Hepliaklqana
Kikubaaqudgha
Makhleb
Nemelex Xobeh
Okawaru
Ru
Sif Muna
Trog
Uskayaw
Vehumet
Wu Jian
Xom
Yredelemnul
Zin
Jiyva
Lugonu

Shops:
D:4 [   D:5 !   D:10 =[   Orc:1 [*   Orc:2 :=*!(*   Elf:3 (   Lair:5 :
Shoals:2 =   Snake:3 :   Vaults:3 *   Vaults:4 (*?:*:   Vaults:5 !!
Depths:2 !(

Portals:
Hell: Depths:1 Depths:2 Depths:3 Depths:4
Abyss: Depths:2 Depths:3
Pandemonium: Depths:2 Depths:4
Ziggurat: Depths:1
Trove: D:10 (give 15 scrolls of teleportation)


Innate Abilities, Weirdness & Mutations

You are a lightning-filled tempest!
Your electrical attacks strike out in all directions at once.
You are incredibly evasive.
Your insubstantial body is immune to petrification, constriction, and being set on fire You are flying.
You are immune to poison.
Your armour is entirely melded.
You are incapable of wielding weapons or throwing items.
You cannot wear most types of armour.
You are amphibious.
You can wear up to eight rings at the same time.
((Your skin changes colour to match your surroundings (Stealth+).))
((Your rubbery body absorbs attacks. (AC +1, EV +1)))
((You are camouflaged when in or above water. (Stealth+)))
((You have tentacles for arms and can constrict up to eight enemies at once.))
You are clumsy. (Dex -2)
You are weak. (Str -2)
You sometimes lose the ability to drink potions when taking damage.
You occasionally lose the ability to read scrolls when taking damage.


Message History

The green draconian hits you with a +0 battleaxe!
* * * LOW HITPOINT WARNING * * *
The green draconian misses you. The death cob completely misses you.
The black draconian completely misses you.
The death cob misses you.
The green draconian completely misses you. x2
Casting: Vhi's Electric Charge (safe; 1% risk of failure)
Confirm with . or Enter, or press ? or * to list all spells.
You feel a surge of power!
You turn into a lightning-filled tempest!
Your staff of air melds into your body.
Your +2 hat of intelligence melds into your body.
You feel stupid.
You lose your grip on the green draconian.
The death cob completely misses you. The death cob misses you.
The black draconian completely misses you.
The green draconian misses you.
The green draconian completely misses you.
You buffet the green draconian!
Lightning courses through the green draconian!
You kill the green draconian!
You hit the death cob.
You blast the black draconian!!!
The death cob completely misses you. The death cob hits you!!
* * * LOW HITPOINT WARNING * * *
You blast the black draconian!!!
You kill the black draconian!
You blast the death cob!!!!
The death cob misses you.
The yellow draconian annihilator spits acid at you.
The glob of acid hits you but does no damage.
You resist. The acid corrodes you! The death cob misses you.
Casting: Storm Form (mildly dangerous; 1% risk of failure)
Confirm with . or Enter, or press ? or * to list all spells.
You don't have enough magic to cast this spell.
You blast the death cob!!!!
You destroy the death cob!
The yellow draconian annihilator gestures at you while chanting.
The crystal spear hits you!!!!
You feel threatened and lose the ability to read scrolls!
You die...
Your body crumbles into a pile of gold.

.....#. $ .
#....#. .###
#.....### ...
#......### #..
#.......###.## ##
#.<.....#dd# ...#
###.....#.##.....
###.#.#Xq.....<
###$v$#......
#+#.#...... ###
..... #...# ####


You could see a tentacled monstrosity, 2 draconians and a yellow draconian
annihilator (catching breath).

Vanquished Creatures
  the Royal Jelly (Slime:5)
  Dissolution (Slime:3)
  A dread lich (Vaults:5)
  5 ancient liches (Vaults:5)
  An orb of fire (Zot:1)
  Mara (Shoals:4)
  2 juggernauts
  Saint Roka (Elf:2)
  Vashnia (Snake:3)
  A curse toe (Zot:1)
  4 golden dragons
  Jory (Depths:4)
  A profane servitor (Abyss:4)
  Nikola (Shoals:2)
  5 bone dragons
  The ghost of Foybonoth the Executioner, an adept MiFi of Okawaru (Elf:3)
  An electric golem (Zot:1)
  A shard shrike zombie (Abyss:4)
  3 hellephants (Abyss:4)
  9 tentacled monstrosities
  Jorgrun (Snake:2)
  A Hell Sentinel (Abyss:2)
  Mlioglotl (Snake:2)
  Asterion (Snake:2)
  4 liches
  2 walking frostbound tomes (Depths:2)
  A deep elf blademaster (Elf:3)
  A walking divine tome (Depths:3)
  6 titans (Vaults:5)
  7 quicksilver dragons
  23 acid blobs
  2 krakens (Shoals:1)
  Frances (Shoals:2)
  2 death cobs
  2 deep elf master archers (Elf:3)
  Polyphemus (Shoals:2)
  12 sphinxes
  5 tentacled starspawn (Abyss:4)
  An Executioner (Abyss:4)
  Kirke (D:15)
  6 tengu reavers
  Agnes (D:15)
  3 shadow dragons (Vaults:5)
  3 draconian monks (Zot:1)
  9 nagarajas
  7 storm dragons
  The ghost of Zonian the Covert, an adept VSBr of Uskayaw (Shoals:3)
  Roxanne (D:15)
  8 fire giants
  11 rockslimes
  9 azure jellies
  5 frost giants
  8 deep elf sorcerers
  4 draconian shifters
  26 vault wardens
  4 draconian scorchers
  A balrug (Abyss:4)
  2 orc warlords
  The ghost of Faerphill the Spear-Bearer, a journeyman DgCj (Orc:1)
  3 deep elf elementalists
  14 stone giants
  4 spriggan defenders
  3 draconian stormcallers
  11 quicksilver oozes
  A quicksilver ooze (shapeshifter) (Abyss:2)
  39 very ugly things
  An angel (Abyss:4)
  2 reapers
  3 war gargoyles (Vaults:5)
  6 ironbound thunderhulks
  2 vampire knights (Depths:1)
  19 ironbound preservers
  3 green draconians
  13 deep elf demonologists
  The ghost of Pyqakag the Cleaver, a journeyman FoFi of Okawaru (D:14)
  6 black draconians
  3 demonspawn black suns (Zot:1)
  3 purple draconians
  4 spark wasps (Depths:3)
  2 red draconians
  2 white draconians
  2 yellow draconians
  14 deep elf annihilators
  11 dire elephants
  12 ettins
  2 eidola (D:14)
  7 merfolk javelineers
  Josephine (D:13)
  3 blizzard demons
  4 entropy weavers
  7 merfolk impalers
  8 deep elf death magi
  7 deep elf high priests
  9 yaktaur captains
  10 great orbs of eyes
  38 vault guards
  12 fire dragons
  A great orb of eyes (shapeshifter) (Depths:4)
  A salamander tyrant (Snake:2)
  5 rakshasas
  5 ogre magi
  2 merfolk avatars
  A peacekeeper (Vaults:2)
  5 spriggan air magi
  5 ice dragons
  13 ironbound frosthearts
  6 merfolk aquamancers
  2 catoblepae
  A hydra (Elf:3)
  A jorogumo (shapeshifter) (Vaults:5)
  6 boulder beetles
  4 alligator snapping turtles
  10 anacondas
  8 centaur warriors
  7 satyrs
  9 deep troll shamans
  27 dancing weapons
  11 deep troll earth magi
  8 two-headed ogres
  3 hell hogs (Abyss:4)
  12 naga warriors
  4 vampire magi
  6 tengu warriors
  13 death yaks
  9 naga sharpshooters
  13 shock serpents
  A spriggan (Depths:4)
  9 thrashing horrors
  5 orc high priests
  5 sun demons
  5 spriggan berserkers
  A titan zombie (Vaults:5)
  20 deep elf knights
  2 hell knights
  A titan skeleton (D:15)
  2 salamander mystics
  A spatial maelstrom (Abyss:4)
  9 wretched stars
  A sixfirhy (Depths:2)
  13 skeletal warriors
  3 iron trolls
  Lodul (D:12)
  56 deep trolls
  An orb spider (Abyss:2)
  A sea snake (shapeshifter) (Vaults:5)
  The ghost of pigah the Martial Artist, a novice OpWn of Gozag (D:7)
  A flayed ghost (Vaults:5)
  12 deep elf archers
  16 sea snakes
  2 glowing orange brains
  8 naga ritualists
  48 starcursed masses
  16 lindwurms
  13 wizards
  6 orc knights
  A storm dragon skeleton (Vaults:5)
  11 mana vipers
  38 deep elf zephyrmancers
  14 ironbound convokers
  7 phantasmal warriors
  A wolf spider (Lair:5)
  21 harpies
  6 orc sorcerers
  6 cyclopes
  24 deep elf pyromancers
  7 necromancers
  20 manticores
  A cyclops (shapeshifter) (Vaults:3)
  4 shining eyes
  12 salamanders
  36 fauns
  A frost giant zombie (D:15)
  2 moths of wrath (Zot:1)
  58 ugly things
  5 worldbinders (Abyss:4)
  A shining eye (shapeshifter) (Vaults:5)
  7 merfolk sirens
  2 will-o-the-wisps (Abyss:4)
  18 vault sentinels
  A shadow dragon skeleton (D:15)
  8 guardian serpents
  42 black mambas
  A rust devil (Abyss:2)
  Maurice (D:12)
  A water nymph (shapeshifter) (Vaults:1)
  A guardian serpent (shapeshifter) (Depths:3)
  17 elephants
  An ice statue (Lair:3)
  11 smoke demons
  2 eyes of devastation
  A torpor snail (shapeshifter) (Elf:2)
  8 naga magi
  A water nymph (Shoals:4)
  A gargoyle (D:12)
  A stone giant skeleton (Vaults:5)
  An unseen horror (shapeshifter) (Vaults:5)
  5 torpor snails (Lair:5)
  2 demonic crawlers (Abyss:4)
  15 cane toads
  16 large abominations
  2 unseen horrors
  10 komodo dragons
  A yaktaur (shapeshifter) (Depths:2)
  Psyche (D:10)
  4 rime drakes
  A tormentor (Abyss:4)
  2 freezing wraiths (Vaults:5)
  3 efreet
  37 yaktaurs
  9 ancient zymes
  3 kobold demonologists (D:13)
  25 merfolk
  2 ice devils
  A silent spectre (Abyss:4)
  5 wind drakes
  15 hornets
  An ettin zombie (D:15)
  4 tyrant leeches (Lair:5)
  6 trolls
  2 polar bears (Lair:1)
  13 blink frogs
  13 snapping turtles
  8 raiju (Abyss:4)
  83 slime creatures
  12 dream sheep
  A snapping turtle (shapeshifter) (Vaults:5)
  2 ynoxinuls
  20 water elementals
  A spriggan (shapeshifter) (D:13)
  2 shadows
  46 yaks
  9 wraiths
  3 hogs (D:15)
  15 wyverns
  3 fire bats (Abyss:4)
  17 humans (D:13)
  12 basilisks
  6 neqoxecs
  A human (shapeshifter) (Elf:3)
  3 steam dragons
  2 fire elementals
  18 golden eyes
  5 chaos spawn
  6 redbacks
  4 wargs
  4 spatial vortices (Abyss:4)
  2 vampire mosquitoes (D:12)
  32 nagas
  2 acid dragons
  A floating eye (shapeshifter) (Elf:3)
  16 water moccasins
  6 hell hounds
  3 ice beasts
  27 orc warriors
  A sky beast (D:6)
  2 black bears
  A tengu (shapeshifter) (Abyss:4)
  16 ogres
  4 boggarts (Vaults:1)
  6 wolves
  3 centaurs
  An elf simulacrum (Vaults:5)
  9 small abominations
  2 phantoms
  4 kobold brigands (D:13)
  A spectral wyvern (D:7)
  A bullfrog (shapeshifter) (Abyss:4)
  An earth elemental (Elf:3)
  11 bullfrogs
  A scorpion (D:5)
  A gnoll sergeant (D:7)
  8 killer bees
  4 electric eels
  A howler monkey (D:11)
  4 crimson imps (D:10)
  7 quasits
  4 hounds
  12 jellies
  30 orc priests
  An iron imp (Abyss:2)
  4 iguanas
  38 orc wizards
  A killer bee zombie (D:7)
  A centaur simulacrum (D:7)
  A spectral howler monkey (D:7)
  A howler monkey zombie (D:7)
  Robin (D:4)
  14 gnolls
  4 adders
  A shadow imp (D:7)
  3 white imps
  5 ufetubi
  2 worms
  4 dart slugs
  122 orcs
  4 ball pythons
  9 endoplasms
  5 giant cockroaches
  12 goblins
  14 hobgoblins
  3 quokkas (D:4)
  7 bats
  A frilled lizard (D:2)
  9 kobolds (D:13)
  A rat (D:1)
  A lurking horror (Abyss:4)
  3 plants (Shoals:4)
  7 starspawn tentacles (Abyss:4)
  3 tentacles (Shoals:1)
2366 creatures vanquished.

Vanquished Creatures (others)
  A deep elf blademaster (Elf:3)
  A draconian monk (Abyss:4)
  A small abomination (Abyss:2)
  8 foxfires (Abyss:4)
  20 fungi
  A lurking horror (Abyss:2)
  204 plants
  8 starspawn tentacles
  5 tentacles (Shoals:1)
  6 withered plants (D:15)
255 creatures vanquished.

Grand Total: 2621 creatures vanquished

Notes
Turn   | Place    | Note
-------+----------+-------------------------------------------
     0 | D:1      | wormed the Octopode Transmuter began the quest for the Orb.
     0 | D:1      | Reached XP level 1. HP: 13/13 MP: 3/3
   239 | D:1      | Reached XP level 2. HP: 17/18 MP: 3/5
   770 | D:1      | Reached XP level 3. HP: 23/23 MP: 4/6
  1025 | D:2      | Reached skill level 1 in Ice Magic
  1223 | D:2      | Reached XP level 4. HP: 29/29 MP: 5/7
  1526 | D:2      | Learned a level 4 spell: Ice Form
  1661 | D:3      | Learned a level 2 spell: Wereblood
  2645 | D:4      | Found a staircase to the Ecumenical Temple.
  2651 | Temple   | Entered the Ecumenical Temple
  2686 | Temple   | Became a worshipper of Gozag Ym Sagoz the Greedy
  3094 | D:4      | Reached XP level 5. HP: 26/34 MP: 4/8
  3250 | D:4      | Noticed Robin
  3286 | D:4      | Killed Robin
  3363 | D:4      | Found Nywyonu's Armour Emporium.
  3425 | D:4      | Found a shimmering blue altar of Sif Muna.
  4246 | D:5      | Entered Level 5 of the Dungeon
  4246 | D:5      | Noticed an ogre
  4319 | D:5      | Reached XP level 6. HP: 39/39 MP: 3/10
  4509 | D:5      | Reached XP level 7. HP: 45/45 MP: 3/11
  4605 | D:5      | Found Gooxzigh's Distillery.
  5433 | D:6      | Reached XP level 8. HP: 52/52 MP: 8/13
  5761 | D:6      | Reached skill level 5 in Transmutations
  5836 | D:6      | Found a broken altar of Ashenzari.
  6351 | D:7      | Noticed a wraith
  6367 | D:7      | Killed a wraith
  6423 | D:7      | You fall into a shaft and drop 3 floors!
  6423 | D:10     | Entered Level 10 of the Dungeon
  6508 | D:10     | Noticed a two-headed ogre
  6529 | D:10     | Noticed a troll
  6530 | D:10     | Noticed Psyche
  6546 | D:10     | Killed a two-headed ogre
  6547 | D:10     | Reached skill level 5 in Unarmed Combat
  6547 | D:10     | Reached XP level 9. HP: 55/59 MP: 10/15
  6551 | D:10     | Killed a troll
  6563 | D:10     | Reached skill level 5 in Dodging
  6581 | D:10     | Killed Psyche
  6582 | D:10     | Reached skill level 5 in Fighting
  6622 | D:10     | Reached skill level 5 in Spellcasting
  6753 | D:10     | Noticed a two-headed ogre
  7011 | D:10     | Found a portal to a secret trove of treasure.
  7465 | D:9      | Reached XP level 10. HP: 66/66 MP: 12/17
  7568 | D:9      | Paralysed by a hornet for 2 turns
  8849 | D:8      | Found a staircase to the Lair.
  9179 | D:8      | Paralysed by a hornet for 3 turns
  9454 | D:7      | Found a runed translucent gate.
  9454 | D:7      | Found a runed translucent gate.
  9455 | D:7      | Found a runed translucent gate.
  9457 | D:7      | Noticed pigah's ghost (novice OpWn)
 10043 | D:7      | Reached XP level 11. HP: 74/74 MP: 13/20
 11094 | D:9      | Killed a two-headed ogre
 11602 | D:10     | Found a staircase to the Orcish Mines.
 11713 | D:10     | Found a shimmering altar of Xom.
 11884 | D:10     | Learned a level 7 spell: Storm Form
 11896 | D:11     | Noticed a cyclops
 11896 | D:11     | Noticed a boulder beetle
 11910 | D:10     | Killed a cyclops
 11911 | D:10     | Reached skill level 10 in Transmutations
 11911 | D:10     | Reached skill level 1 in Air Magic
 12008 | D:11     | Noticed a skeletal warrior
 12011 | D:11     | Noticed a skeletal warrior
 12011 | D:11     | Noticed a skeletal warrior
 12040 | D:10     | Killed a skeletal warrior
 12187 | Lair:1   | Entered Level 1 of the Lair of Beasts
 12431 | Lair:1   | Reached XP level 12. HP: 81/81 MP: 18/23
 12506 | Lair:1   | Reached skill level 5 in Air Magic
 13620 | Lair:2   | Found a dark tunnel.
 13818 | Lair:2   | Identified the +3 trident "Bicaicha" {venom, rCorr Int+2
                  | Dex+3}
 13833 | Lair:2   | You fall into a shaft and drop 1 floor!
 13936 | Lair:3   | Found a staircase to the Snake Pit.
 14177 | Lair:3   | Noticed a death yak
 14339 | Lair:3   | Noticed a death yak
 14339 | Lair:3   | Noticed a death yak
 14513 | D:10     | Bought a ring of wizardry for 540 gold pieces
 14531 | D:10     | Reached skill level 10 in Air Magic
 14531 | D:10     | Reached XP level 13. HP: 86/86 MP: 25/25
 14645 | Lair:2   | Found a staircase to the Shoals.
 15026 | Lair:3   | Reached XP level 14. HP: 67/92 MP: 19/26
 15242 | Lair:3   | Identified the +11 quarterstaff of Disarray {elec, rElec}
 15570 | Lair:3   | Identified the +5 quarterstaff of Instinct {freeze, rC+
                  | Int+4}
 16029 | Lair:4   | Found a viscous altar of Jiyva.
 16047 | Lair:4   | Found a staircase to the Slime Pits.
 17071 | Lair:5   | Entered Level 5 of the Lair of Beasts
 17467 | Lair:5   | Found a runed translucent door.
 18385 | Lair:5   | Reached XP level 15. HP: 97/97 MP: 20/28
 18394 | Lair:5   | Reached skill level 10 in Spellcasting
 18845 | Lair:5   | Reached skill level 15 in Transmutations
 19853 | D:12     | Noticed Lodul
 19859 | D:12     | Killed Lodul
 20611 | D:12     | Noticed Maurice
 20633 | D:12     | Killed Maurice
 21918 | D:13     | Noticed Josephine
 21932 | D:13     | Killed Josephine
 22325 | D:13     | Reached skill level 15 in Air Magic
 22463 | D:13     | Found a gate to the Vaults.
 22873 | D:7      | Killed pigah's ghost
 23421 | D:14     | Found a runed translucent gate.
 23421 | D:14     | Found a runed translucent gate.
 23421 | D:14     | Found a runed translucent gate.
 23425 | D:14     | Noticed Pyqakag's ghost (journeyman FoFi)
 23468 | D:14     | Reached XP level 16. HP: 19/103 MP: 21/30
 23477 | D:14     | Killed Pyqakag's ghost
 23813 | D:14     | Found a sparkling altar of Nemelex Xobeh.
 24034 | D:15     | Entered Level 15 of the Dungeon
 24328 | Orc:1    | Entered Level 1 of the Orcish Mines
 24465 | Orc:1    | Found a transporter.
 24477 | Orc:1    | Noticed Faerphill's ghost (journeyman DgCj)
 24592 | Orc:1    | Found Gunuduih's Armour Shoppe.
 24683 | Orc:1    | Found a transporter.
 24862 | Orc:1    | Found Beysehyw's CLEARANCE SALE!.
 25025 | Orc:2    | Entered Level 2 of the Orcish Mines
 25025 | Orc:2    | Found Duschiy's Jewellery Boutique.
 25066 | Orc:2    | Bought the ring of Fissemn {Will+ rCorr Int+5 SInv} for 655
                  | gold pieces
 25109 | Orc:2    | Found a staircase to the Elven Halls.
 25513 | Orc:2    | Found Edyll's Antique Weapon Shop.
 25513 | Orc:2    | Found Uthoqian's General Store.
 25571 | Orc:2    | Found Onwotw Reynt's Distillery.
 25578 | Orc:2    | Found Dirghicvo's General Store.
 26033 | Orc:1    | Gained mutation: You occasionally lose the ability to drink
                  | potions when taking damage. [a neqoxec]
 26044 | Orc:1    | Killed Faerphill's ghost
 26078 | Orc:1    | Got the ring of Ehukk {*Corrode rC++ Str+3 Int+6 SInv}
 26335 | D:15     | Noticed Agnes
 26344 | D:15     | Killed Agnes
 26536 | D:15     | Noticed Kirke
 26552 | D:15     | Killed Kirke
 26927 | D:15     | Noticed Roxanne
 26948 | D:15     | Killed Roxanne
 27058 | D:15     | Found a staircase to the Depths.
 27488 | Snake:1  | Entered Level 1 of the Snake Pit
 27573 | Snake:1  | Reached XP level 17. HP: 53/111 MP: 25/31
 27742 | Snake:1  | Identified a scroll of acquirement
 27819 | Snake:1  | Reached skill level 10 in Dodging
 27875 | Snake:1  | Noticed Mlioglotl
 28440 | Snake:2  | Noticed Jorgrun
 28441 | Snake:2  | Noticed Asterion
 28453 | Snake:2  | Killed Jorgrun
 28459 | Snake:2  | Noticed an Executioner
 28461 | Snake:2  | Killed Mlioglotl
 28488 | Snake:2  | Killed Asterion
 28592 | Snake:2  | Identified the +3 falchion of Overwhelming Force {freeze,
                  | rPois rF+ Str-3 Dex+2}
 28775 | Snake:2  | Reached skill level 10 in Unarmed Combat
 29478 | Snake:3  | Found Soxun's Book Emporium.
 29631 | Snake:3  | Reached skill level 10 in Fighting
 29733 | Snake:3  | Noticed Vashnia
 29758 | Snake:3  | Killed Vashnia
 29771 | Snake:3  | Acquired a +2 hat of intelligence
 30427 | Snake:4  | Entered Level 4 of the Snake Pit
 30438 | Snake:4  | Reached XP level 18. HP: 122/122 MP: 24/32
 31520 | Snake:4  | Got a serpentine rune of Zot
 32038 | Shoals:1 | Entered Level 1 of the Shoals
 33344 | Shoals:2 | Noticed Polyphemus
 33356 | Shoals:2 | Killed Polyphemus
 33358 | Shoals:2 | Reached XP level 19. HP: 89/129 MP: 25/33
 33637 | Shoals:2 | Found Iqaiblai's Jewellery Boutique.
 33720 | Shoals:2 | Bought the ring "Quhiud" {rF+ rC+ Int+6} for 1026 gold
                  | pieces
 33842 | Shoals:2 | Noticed Nikola
 33866 | Shoals:2 | Killed Nikola
 33952 | Shoals:2 | Noticed Frances
 33966 | Shoals:2 | Killed Frances
 34493 | Shoals:2 | Bought the ring "Xottyz" {Int+6 Dex+4 Slay+2} for 1076 gold
                  | pieces
 34839 | Shoals:3 | Found a runed translucent gate.
 34840 | Shoals:3 | Found a runed translucent gate.
 35315 | Shoals:3 | Noticed Zonian's ghost (adept VSBr)
 35316 | Shoals:3 | Found a runed translucent gate.
 35472 | Shoals:3 | Killed Zonian's ghost
 35473 | Shoals:3 | Reached skill level 15 in Dodging
 35507 | Shoals:3 | Identified the +7 flail of Sin {flame, rCorr MP+9 Str+4}
 35558 | Shoals:4 | Entered Level 4 of the Shoals
 35803 | Shoals:4 | Identified the +3 shortbow of Ranloede {speed, rN+ Int+6}
 36051 | Shoals:4 | Noticed Mara
 36059 | Shoals:4 | Noticed wormed's illusion
 36071 | Shoals:4 | Noticed wormed's illusion
 36071 | Shoals:4 | Killed Mara
 36270 | Shoals:4 | Got a barnacled rune of Zot
 37045 | Shoals:2 | Bought a +6 ring of intelligence for 648 gold pieces
 37263 | Vaults:1 | Entered Level 1 of the Vaults
 37464 | Vaults:1 | Reached XP level 20. HP: 138/139 MP: 34/34
 40493 | Vaults:3 | Found a staircase to the Crypt.
 40493 | Vaults:3 | Found an ancient bone altar of Kikubaaqudgha.
 40493 | Vaults:3 | Found a basalt altar of Yredelemnul.
 40720 | Vaults:3 | Reached XP level 21. HP: 142/148 MP: 27/35
 41131 | Vaults:3 | Found Uloatoq's General Store.
 41238 | Vaults:3 | Got Sif Muna's Compendium of the Scorpion and Generation
 41908 | Vaults:4 | Reached skill level 15 in Unarmed Combat
 42093 | Vaults:4 | Reached skill level 15 in Fighting
 42537 | Vaults:4 | Found Zoutt's General Store.
 42888 | Vaults:4 | Found Gilutt's Magic Scroll Shoppe.
 43077 | Vaults:4 | Found Axomn's Weapon Shoppe.
 43553 | Elf:1    | Entered Level 1 of the Elven Halls
 43653 | Elf:1    | Reached XP level 22. HP: 128/159 MP: 36/36
 43960 | Elf:1    | Identified the +9 whip "Figil" {antimagic, rC+ rN+}
 44319 | Elf:1    | Got the Thoughts on Sidekicks
 44344 | Elf:1    | Identified the ring of Bamo {Will+ rCorr Dex+4}
 44434 | Elf:1    | Found a shimmering blue altar of Sif Muna.
 45166 | Elf:2    | Found a runed translucent gate.
 45172 | Elf:2    | Found a runed translucent gate.
 45172 | Elf:2    | Found a runed translucent gate.
 45331 | Elf:2    | Noticed Saint Roka
 45346 | Elf:2    | Killed Saint Roka
 45882 | Elf:3    | Entered Level 3 of the Elven Halls
 45882 | Elf:3    | Found Kioqimeth's Weapon Shoppe.
 46074 | Elf:3    | Found a large runed translucent door.
 46074 | Elf:3    | Found a large runed translucent door.
 46077 | Elf:3    | Noticed Foybonoth's ghost (adept MiFi)
 46867 | Elf:3    | Reached XP level 23. HP: 66/169 MP: 27/37
 46961 | Elf:3    | Learned a level 3 spell: Vhi's Electric Charge
 47100 | Elf:3    | Identified the ring of Gikkurch {rElec rPois rF+ Str-4
                  | Int+6}
 47101 | Elf:3    | Identified the ring "Xonotybb" {rF+ Str+3 Stlth+}
 47105 | Elf:3    | Identified the ring "Forget-Me-Not" {rC+ Int+2 Dex+6 Slay+3
                  | Stlth-}
 47395 | Elf:3    | Got the Directory of Assistive Burning
 47681 | Elf:3    | Killed Foybonoth's ghost
 47716 | Elf:3    | Identified the +0 robe "Legul" {rN++}
 48151 | Vaults:5 | Entered Level 5 of the Vaults
 48294 | Vaults:5 | Noticed an ancient lich
 48306 | Vaults:5 | Killed an ancient lich
 48382 | Vaults:5 | Identified the ring of Ignis's Felicitations {rC++ Will+
                  | Slay-3 SInv Stlth+}
 48487 | Vaults:5 | Noticed a dread lich
 48491 | Vaults:5 | Killed a dread lich
 48803 | Vaults:5 | Noticed an ancient lich
 48810 | Vaults:5 | Killed an ancient lich
 48811 | Vaults:5 | Reached XP level 24. HP: 179/179 MP: 32/37
 48863 | Vaults:5 | Noticed an ancient lich
 48875 | Vaults:5 | Noticed an ancient lich
 48877 | Vaults:5 | Killed an ancient lich
 48893 | Vaults:5 | Killed an ancient lich
 49321 | Vaults:5 | Found Ontomp's Distillery.
 49338 | Vaults:5 | Noticed an ancient lich
 49344 | Vaults:5 | Killed an ancient lich
 49379 | Vaults:5 | Found Yloas's Distillery.
 49689 | Vaults:5 | Got a silver rune of Zot
 50083 | Depths:1 | Entered Level 1 of the Depths
 50220 | Depths:1 | Found an iron altar of Okawaru.
 50410 | Depths:1 | Found a one-way gateway to a ziggurat.
 50441 | Depths:1 | Found a gateway to Hell.
 50617 | Depths:1 | Reached XP level 25. HP: 184/190 MP: 29/37
 51182 | Depths:1 | Got the Precepts of the Final Geomancers
 51356 | Depths:2 | Found Voor Ick's Antique Weapon Shoppe.
 51356 | Depths:2 | Found Baucuffi's Distillery.
 51457 | Depths:2 | Identified the +0 hat "Leosat" {Will+ Str+5}
 51735 | Depths:2 | Found a corrupted altar of Lugonu.
 51738 | Depths:2 | Found a one-way gate to the infinite horrors of the Abyss.
 52256 | Depths:2 | Found a one-way gate leading to the halls of Pandemonium.
 52657 | Depths:3 | Reached skill level 1 in Necromancy
 53163 | Depths:3 | Reached skill level 5 in Necromancy
 53346 | Depths:3 | Found a runed translucent door.
 53346 | Depths:3 | Found a runed translucent door.
 53346 | Depths:3 | Noticed a juggernaut
 53631 | Depths:4 | Entered Level 4 of the Depths
 53678 | Depths:4 | Noticed a juggernaut
 53684 | Depths:4 | Killed a juggernaut
 54122 | Depths:4 | Identified the +1 buckler "Qulok" {Str+5 Slay-4}
 54266 | Depths:4 | Noticed Jory
 54278 | Depths:4 | Killed Jory
 54357 | Depths:4 | Reached skill level 10 in Necromancy
 54679 | Depths:4 | Found a gate to the Realm of Zot.
 55314 | Slime:1  | Entered Level 1 of the Pits of Slime
 55324 | Slime:1  | Gained mutation: You are weak. (Str -2) [a shining eye]
 55326 | Slime:1  | Reached XP level 26. HP: 199/199 MP: 30/37
 55467 | Slime:3  | Noticed Dissolution
 55471 | Slime:3  | Killed Dissolution
 57061 | Slime:5  | Entered Level 5 of the Pits of Slime
 57110 | Slime:5  | Noticed the Royal Jelly
 57119 | Slime:5  | Killed the Royal Jelly
 57157 | Slime:5  | Reached skill level 15 in Necromancy
 57183 | Slime:5  | Got a slimy rune of Zot
 57205 | Slime:5  | Identified the amulet of Fostil {RegenMP -Tele rPois Str-2
                  | Slay+5}
 57209 | Slime:5  | Identified the +5 war axe of Jealywao {freeze, *Corrode Fly
                  | rPois rC+}
 57248 | Slime:5  | Identified the +6 short sword of Zuocoodd {antimagic,
                  | rPois}
 57270 | Slime:5  | Identified the +8 shortbow "Zievof" {speed, Int+2 SInv}
 57272 | Slime:5  | Identified the amulet "Wydawn" {RegenMP Rampage Stlth+}
 57282 | Slime:5  | Identified the +5 scale mail of Qeufror {rElec Str+3 Int+3
                  | Stlth-}
 57293 | Slime:5  | Got the Catalogue of Unspeakable Magic and the Snowflakes
 57307 | Slime:5  | Identified the ring of Fixation {Will+ Dex+6}
 58299 | Depths:3 | Killed a juggernaut
 58403 | Depths:3 | Voluntarily entered the Abyss.
 59577 | Abyss:4  | Reached XP level 27. HP: 193/205 MP: 37/37
 59650 | Abyss:4  | Gained mutation: You are clumsy. (Dex -2) [a neqoxec]
 59820 | Depths:3 | Escaped the Abyss
 59829 | Depths:3 | Voluntarily entered the Abyss.
 60053 | Abyss:4  | Found a corrupted altar of Lugonu.
 60097 | Abyss:4  | Got an abyssal rune of Zot
 60158 | Depths:3 | Escaped the Abyss
 60263 | Zot:1    | Entered Level 1 of the Realm of Zot
 60860 | Zot:1    | Noticed an orb of fire
 60860 | Zot:1    | Gained mutation: You sometimes lose the ability to drink
                  | potions when taking damage. [an orb of fire]
 60862 | Zot:1    | Gained mutation: You occasionally lose the ability to read
                  | scrolls when taking damage. [an orb of fire]
 60868 | Zot:1    | Killed an orb of fire
 60959 | Zot:1    | Identified the +6 sling of the Tomato {flame, rElec rN+
                  | Str+2 Dex-5}
 60960 | Zot:1    | Got the Octavo of The Black Sun
 61251 | Zot:1    | Learned a level 6 spell: Death Channel
 61260 | Zot:1    | Learned a level 8 spell: Infestation
 61270 | Zot:1    | Learned a level 9 spell: Death's Door
 61311 | Zot:2    | Killed from afar by a yellow draconian annihilator

Illustrated notes

Levels and vault maps discovered:
D:1:      dpeg_arrival_round_a, layout_basic, grunt_decor_arrowhead,
          chequers_mini_garden
D:2:      layout_basic
D:3:      layout_basic, wad_floor_pattern_untrapped, kennysheep_minor_cross,
          kennysheep_generic_room_11
D:4:      wad_woods_settlement, layout_basic, led_sif_pool,
          minmay_temple_entry_gardened_gates, serial_shops,
          nicolae_take_the_stairs, uniq_robin
D:5:      layout_cave_pools, serial_shops, shop
D:6:      layout_rooms, kennysheep_mini_moat
D:7:      layout_loops_corners, gammafunk_ghost_necromancy, grunt_decor_clamped,
          minmay_microvault
D:8:      layout_loops_ring, erik_lair_dragon, kennysheep_pointless_box
D:9:      layout_cave_pods
D:10:     layout_cave_pools, led_xom_imps, hiddenorc2_lemuel, enter_trove_0,
          special_room [special_room_orc], uniq_psyche
D:11:     layout_cave_pools
D:12:     layout_layer_cave, uniq_maurice, uniq_lodul
D:13:     layout_stronghold, grunt_vaults_entry_tiered, uniq_josephine
D:14:     layout_roguey, nemelex_altar_shiori, gammafunk_ghost_spectres,
          serial_glass, glass_columns_b, glass_columns_a
D:15:     gammafunk_depths_entry_grave, layout_loops_cross,
          nicolae_hexahallways, uniq_roxanne, uniq_agnes, uniq_kirke
Temple:   nicolae_temple_bog_church
Lair:1:   layout_chaotic_city, guppyfry_lair_drakes
Lair:2:   layout_chaotic_city, shoals_dummy_entry,
          lightli_volcano_entry_magma_tube, evilmike_ambush
          [evilmike_ambush_outer_basic, evilmike_ambush_inner_basic]
Lair:3:   statuecave_lemuel, layout_regular_city, guppyfry_snake_entry_garden,
          grunt_megastairs_4, serial_bayou_shore_b
Lair:4:   layout_small_grid, slime_entry_1, st_stairs_12
Lair:5:   hangedman_lair_tendril_chambers, layout_gridlike, wormcave,
          nicolae_lair_grazing_beasts [nicolae_sub_lair_graze_edge,
          nicolae_sub_lair_graze_edge, nicolae_sub_lair_graze_edge,
          nicolae_sub_lair_graze_edge]
Shoals:1: nicolae_shoals_deep_elves_summer_vacation, layout_shoals,
          abandoned_shop
Shoals:2: layout_shoals, serial_shops, nicolae_shop_stone, uniq_frances,
          uniq_polyphemus, uniq_nikola
Shoals:3: layout_shoals, ebering_ghost_rock_garden
Shoals:4: shoals_end_grunt_garden, layout_shoals, uniq_mara
Snake:1:  layout_grid_shapes, uniq_mlioglotl
Snake:2:  layout_basic, uniq_jorgrun, uniq_asterion
Snake:3:  nicolae_snake_attic_fulla_snakes, layout_misc_corridors, serial_shops,
          shop, uniq_vashnia
Snake:4:  grunt_snake_rune_pools, layout_chambers, serial_bayou_lagoon_b
Slime:1:  layout_caves
Slime:2:  layout_caves
Slime:3:  nicolae_slime_jelly_donut, layout_caves, dissolution_awaits
Slime:4:  layout_caves
Slime:5
Orc:1:    layout_caves, serial_shops, shop, gammafunk_ghost_stat_death,
          nicolae_shop_clearance
Orc:2:    st_orc_mages, layout_diamond_mine, serial_shops,
          nicolae_shop_hallway_stairs
Elf:1:    elf_arrival_001, layout_geoelf_grid, basic_altar,
          minmay_elf_demonology
Elf:2:    nicolae_elf_blades_splatter_lattice
          [nicolae_blade_entry_area_security], layout_loops_cross,
          uniq_saint_roka
Elf:3:    nooodl_elf_gasket, layout_geoelf_castle, ebering_ghost_disaster_area,
          serial_shops, shop, special_room [special_room_mythical_zoo]
Vaults:1: hangedman_vaults_locks, hangedman_vaults_nails, vaults_room_pool,
          v_misc_12, v_alt_pattern_5, st_smaller_cells, vaults_room_pool,
          layout_vaults_omnigrid
Vaults:2: v_rooms_1, nicolae_vaults_little_squares_5, vaults_dpeg_ring,
          grunt_vaults_funnel, grunt_vaults_hallway_short,
          nicolae_vaults_network_s, ontoclasm_vaults_idyll,
          hangedman_vaults_slice, hangedman_vaults_slice,
          ontoclasm_vaults_hangar, v_misc_5, nicolae_vaults_shelves_hall,
          layout_vaults_omnicross
Vaults:3: minmay_crypt_entry_necro_gods, nicolae_vaults_three_branches,
          hangedman_vaults_river_flow, v_misc_14, hangedman_vaults_pinch,
          v_pattern_1, nicolae_vaults_rhombus_6, nicolae_vaults_sealed_display,
          v_misc_13, layout_vaults_chaotic_city, serial_shops, shop
Vaults:4: vaults_mumra_lcd, vaults_room_large_hall, nicolae_vaults_angled_halls,
          nicolae_vaults_network_periphery, st_check,
          vaults_standard_mumra_lines, nicolae_vaults_stairing_the_circle,
          vaults_room_pool, hangedman_vaults_snaps, v_misc_15,
          nicolae_vaults_what_the_h, v_alt_pattern_4, vaults_dpeg_spiral,
          layout_vaults_maze, serial_shops, shop,
          nicolae_shop_competitors_out_of_business,
          nicolae_shop_temple_entry_statues_fountains
Vaults:5: serial_shops
Depths:1: layout_gridlike, enter_ziggurat_d, serial_curves, eino_curves_03,
          eino_curves_01, special_room [special_room_magic_class], hell_entry,
          kennysheep_okawaru_gauntlet
Depths:2: minmay_chopped_fan, layout_cave_pools, rand_demon_pan_entry_9,
          hell_entry, abyss_entry_flame_altar, minmay_shoptagon
Depths:3: minmay_the_grid_triangle_9x9_recursive_2_mashed
          [minmay_the_grid_triangle_9x9_prize_top_heavy,
          minmay_the_grid_triangle_9x9_limited_checkers,
          minmay_the_grid_triangle_9x9_zippers_horizontal,
          minmay_the_grid_triangle_9x9_tough_junction], layout_gridlike,
          pf_coc_iceberg, minmay_misc_feat_x, abyss_entry
Depths:4: grunt_zot_entry_gee_three, layout_basic, hell_entry,
          rand_demon_pan_entry_7, chequers_serial_rivers_small_3, uniq_jory
Zot:1:    dreamdust_black_sun_cult, layout_gridlike
Zot:2:    layout_twisted_circle

Skill      XL: |  1  2  3  4  5  6  7  8  9 10 11 12 13 14 15 16 17 18 19 20 21 22 23 24 25 26 27 |
---------------+----------------------------------------------------------------------------------+-----
Ice Magic      | 1 2 3 4 |  4.0
Fighting       | 2 3 4 5 6 7 8 10 11 12 14 15 17 18 20 21 | 21.0
Transmutations | 3 4 6 7 9 11 12 14 16 17 18 19 | 19.0
Dodging        | 3 4 5 6 7 9 12 14 15 16 18 19 20 21 | 21.0
Spellcasting   | 3 4 5 6 7 8 9 10 | 10.0
Unarmed Combat | 4 5 6 7 9 10 11 13 14 16 17 18 20 21 | 21.0
Air Magic      | 4 10 13 15 16 17 18 19 | 19.0
Necromancy     | 11 17 20 | 20.7

Action                   |  1- 3 |  4- 6 |  7- 9 | 10-12 | 13-15 | 16-18 | 19-21 | 22-24 | 25-27 || total
-------------------------+-------+-------+-------+-------+-------+-------+-------+-------+-------++-------
Melee: Unarmed           |    69 |   124 |   214 |   666 |   628 |   883 |   847 |   724 |   870 ||  5025
       Constrict         |    19 |    15 |     2 |     3 |     8 |     2 |     2 |     2 |     7 ||    60
       Kick              |    17 |    25 |       |       |       |       |       |       |       ||    42
       Tentacles         |    13 |    18 |     2 |     7 |    11 |     4 |    10 |     2 |    34 ||   101
       Punch             |     4 |     4 |       |     1 |    46 |    62 |   108 |    92 |   167 ||   484
       Staff             |       |       |       |       |       |       |     2 |     6 |    72 ||    80
 Cast: Beastly Appendage |    20 |    24 |       |       |       |       |       |     2 |       ||    46
       Wereblood         |       |    23 |    18 |    57 |    55 |    79 |    77 |    58 |    79 ||   446
       Ice Form          |       |     4 |    22 |    58 |       |     1 |       |       |       ||    85
       Storm Form        |       |       |       |       |    64 |    79 |    78 |    57 |    79 ||   357
       Vhi's Electric Ch |       |       |       |       |       |       |       |    10 |     9 ||    19
       Death Channel     |       |       |       |       |       |       |       |       |     1 ||     1
Invok: Potion Petition   |       |       |       |     3 |     4 |     9 |       |     1 |     1 ||    18
       Call Merchant     |       |       |       |     2 |     1 |     1 |     3 |       |       ||     7
 Abil: Blinkbolt         |       |       |       |       |     1 |     1 |       |     2 |     2 ||     6
       End Transformatio |       |       |       |       |       |     1 |     1 |       |       ||     2
  Use: Scroll            |       |    10 |     7 |    10 |     4 |     4 |       |     3 |     2 ||    40
       Potion            |       |     1 |     4 |     3 |       |       |     1 |     3 |       ||    12
 Stab: Sleeping          |       |     4 |       |       |     1 |       |       |       |     1 ||     6
       Distracted        |       |     1 |     2 |     2 |     5 |     4 |     6 |    16 |    20 ||    56
       Confused          |       |       |     3 |       |       |       |       |       |       ||     3
       Petrified         |       |       |       |       |    11 |       |       |       |       ||    11
       Petrifying        |       |       |       |       |     5 |       |       |       |       ||     5
Armor: Skin              |    15 |    41 |   139 |   319 |   201 |   246 |   165 |    69 |    65 ||  1260
Dodge: Dodged            |    39 |    56 |   205 |   364 |   522 |   803 |   898 |   630 |   884 ||  4401

Table legend: (Time is in decaauts)
 A = Elapsed time spent in this place.
 B = Non-inter-level travel time spent in this place.
 C = Inter-level travel time spent in this place.
 D = Time resting spent in this place.
 E = Time spent auto-exploring this place.
 F = Levels seen in this place.
 G = Mean time per level.
                   A        B        C        D        E       F      G
               +--------+--------+--------+--------+--------+-----+--------+
         Total |  60255 |  55637 |   4618 |    487 |  44330 |  55 | 1095.5 |
       Dungeon |  19764 |  17319 |   2445 |    487 |  13884 |  15 | 1317.6 |
        Temple |     52 |     36 |     16 |      0 |     15 |   1 |   52.0 |
          Lair |   6715 |   6282 |    433 |      0 |   5052 |   5 | 1343.0 |
        Shoals |   4944 |   4717 |    227 |      0 |   3766 |   4 | 1236.0 |
     Snake Pit |   4437 |   4321 |    116 |      0 |   3535 |   4 | 1109.2 |
    Slime Pits |   2449 |   2387 |     62 |      0 |   1971 |   5 |  489.8 |
  Orcish Mines |   1802 |   1703 |     99 |      0 |   1378 |   2 |  901.0 |
   Elven Halls |   4247 |   3950 |    297 |      0 |   3134 |   3 | 1415.7 |
        Vaults |   7934 |   7480 |    454 |      0 |   5998 |   5 | 1586.8 |
        Depths |   5333 |   4882 |    451 |      0 |   4039 |   4 | 1333.2 |
           Zot |    951 |    936 |     15 |      0 |    756 |   2 |  475.5 |
         Abyss |   1622 |   1622 |      0 |      0 |    801 |   5 |  324.4 |
               +--------+--------+--------+--------+--------+-----+--------+

Top non-repeatable levels by time:
    D:13: 2056 daAuts
   Elf:3: 1911 daAuts
  Lair:5: 1866 daAuts
     D:8: 1811 daAuts
     D:9: 1773 daAuts
Vaults:4: 1705 daAuts
     D:7: 1673 daAuts
     D:4: 1648 daAuts
Vaults:5: 1616 daAuts
Vaults:3: 1606 daAuts
Depths:4: 1585 daAuts
Depths:3: 1526 daAuts
Vaults:1: 1507 daAuts
Vaults:2: 1498 daAuts
 Snake:4: 1494 daAuts
